 Dungeon Crawl Stone Soup version 0.29.1-1-gd02db6906a (webtiles) character file.

Game seed: 17645778245136620126

25 MisterFreud the Cudgeller (level 2, 0/25 HPs)
             Began as a Palentonga Fighter on Oct 7, 2022.
             Was a Believer of Ru.
             Slain by Robin
             ... wielding a +3 antimagic whip
              (4 damage)
             ... on level 2 of the Dungeon.
             The game lasted 00:00:50 (744 turns).

MisterFreud the Cudgeller (Palentonga Fighter)       Turns: 744, Time: 00:00:51

Health: 0/25       AC:  6    Str: 20 (21) XL:     2   Next: 82%
Magic:  0/2        EV:  7    Int:  6 (8)  God:    Ru [**....]
Gold:   94         SH:  3    Dex:  7 (9)  Spells: 1/1 levels left

rFire   x . .      SeeInvis +   a - +0 flail
rCold   x . .      Faith    .   c - +0 buckler
rNeg    . . .      Spirit   .   b - +0 scale mail
rPois   .          Reflect  .   (no helmet)
rElec   .          Harm     .   (no cloak)
rCorr   .          Rampage  .   (no gloves)
Will    .....                   (no barding)
Stlth   ..........              (no amulet)
HPRegen 0.08/turn               (no ring)
MPRegen 0.08/turn               (no ring)

@: attractive
A: large, rugged brown scales 3, see invisible, deformed body, temperature
sensitive, roll 1, armoured tail
a: Rolling Charge, Renounce Religion


You were on level 2 of the Dungeon.
You worshipped Ru.
Ru was pleased with you.
You visited 1 branch of the dungeon, and saw 2 of its levels.

You collected 94 gold pieces.

Inventory:

Hand Weapons
 a - a +0 flail (weapon)
Armour
 b - a +0 scale mail (worn)
 c - a +0 buckler (worn)
Scrolls
 g - a scroll of blinking {unknown}
 h - a scroll of fear {unknown}
 i - 2 scrolls of identify {unknown}
 k - a scroll of amnesia {unknown}
 l - a scroll of poison {unknown}
Potions
 d - a potion of might
 j - a potion of experience {unknown}


   Skills:
 - Level 3.0 Fighting
 + Level 3.2 Maces & Flails
 - Level 2.4 Armour
 - Level 2.7 Shields


You had one spell level left.
You didn't know any spells.
Your spell library contained the following spells:

 Spells                   Type           Power      Damage    Failure   Level
 Ozocubu's Armour         Ice            0%         N/A       99%         3
 Metabolic Englaciation   Hex/Ice        0%         N/A       100%        5
 Simulacrum               Ice/Necr       0%         N/A       100%        6


Dungeon Overview and Level Annotations

Branches:
Dungeon (2/15)

Altars:
Ru

Annotations:
D:2 Robin


Innate Abilities, Weirdness & Mutations

You are completely covered in rugged brown scales. (AC +3, +7% HP)
You have supernaturally acute eyesight. (SInv)
Armour fits poorly on your strangely shaped body.
You are sensitive to extremes of temperature. (rF-, rC-)
You can roll at nearby foes to attack.
You have a long armoured tail.


Message History

The goblins go into a battle-frenzy!
Robin drinks a potion.
Robin seems to speed up.
You completely miss Robin.
Your tail-slap misses Robin.
The goblin is no longer blind.
Robin hits you with a +3 antimagic whip.
You feel your power leaking away. The goblin barely misses you.
A goblin comes into view. It is wielding a +0 club.
Robin says, "Bow before me, strongest of all the hobgoblins!"
You barely miss Robin. Robin hits you but does no damage.
The goblin hits you with a +0 dagger.
Robin hits you with a +3 antimagic whip.
Unknown command.
You closely miss Robin. The goblin hits you but does no damage.
A rat comes into view.
Robin barely misses you. The goblin barely misses you.
You barely miss Robin. You block Robin's attack.
The goblin hits you with a +0 dagger.
You focus your inner power and blind the goblin in retribution!
The rat twitches its whiskers.
Unknown command.
You completely miss Robin.
Your tail-slap misses Robin.
Robin hits you with a +3 antimagic whip.
* * * LOW HITPOINT WARNING * * *
You feel your power leaking away.
You focus your inner power and illuminate Robin in retribution!
The goblin closely misses you.
Robin begins to attack, but is stunned by your conviction!
Unknown command.
Unknown command.
It was a potion of attraction.
You feel attractive to monsters. The goblin hits you but does no damage.
Robin hits you but does no damage.
It was a potion of degeneration.
There was something very wrong with that liquid.
You feel weakened.
You feel dopey.
You feel clumsy.
Robin roars a battlecry!
The goblin is stunned by your conviction and fails to attack.
Robin hits you with a +3 antimagic whip.
You die...

# #. #. # .#
##.#.##
#....)# #g###
#gg@# #g#g#
...#.# #.###.#
#. #.# . ###.#
# #...# #.###
#######.######


You could see Robin (fast, corona) and 4 goblins.

Vanquished Creatures
  3 bats
  3 endoplasms
  8 goblins
  A hobgoblin (D:2)
  2 jackals (D:2)
  2 ball pythons (D:1)
  2 kobolds (D:1)
21 creatures vanquished.

Notes
Turn   | Place    | Note
-------+----------+-------------------------------------------
     0 | D:1      | MisterFreud the Palentonga Fighter began the quest for the
                  | Orb.
     0 | D:1      | Reached XP level 1. HP: 19/19 MP: 1/1
   153 | D:1      | Found a faded altar of an unknown god.
   174 | D:1      | Prayed at the altar of an unknown god.
   174 | D:1      | Became a worshipper of Ru the Awakened
   181 | D:1      | Gained mutation: You are sensitive to extremes of
                  | temperature. (rF-, rC-) [Ru sacrifice]
   181 | D:1      | Reached * piety under Ru
   181 | D:1      | Reached ** piety under Ru
   337 | D:1      | Reached XP level 2. HP: 25/25 MP: 2/2
   734 | D:2      | Noticed Robin
   744 | D:2      | Slain by Robin

Illustrated notes

Levels and vault maps discovered:
D:1:      tarquinn_simple_flora_water_c, layout_basic,
          hellmonk_ecumenical_altar_run_dry, amethyst_killhole
D:2:      cheibrodos_greedy_goblins, layout_loops_ring, serial_shops, shop,
          shop, shop, nicolae_shop_behind_doors, shop_fountains, basic_altar,
          uniq_robin

Skill      XL: |  1  2 |
---------------+-------+-----
Maces & Flails | 3 |  3.2
Fighting       | |  3.0
Armour         | |  2.4
Shields        | |  2.7

Action                   || total
-------------------------++-------
Melee: Flail             ||    59
       Tailslap          ||     5
Invok: Sacrifice Resista ||     1
  Use: Potion            ||     2
Armor: Scale mail        ||    40
Dodge: Dodged            ||    25
Block: Buckler           ||    10
